Map: Ephemeron LE

Players

Patience - Winner!

  • Race: Protoss Protoss
  • League: Master
  • Spawn Location: 5:00

DRG

  • Race: Zerg Zerg
  • League: Master
  • Spawn Location: 11:00

VOD

Have the link to the VOD?

Description

Time

  • Played on: Jan. 8, 2020, 5:30 a.m.
  • Length: 10:51
Show
View Real Time Build Order
Export as new Build Order

Patience Protoss - Winner!

Build Orders: 1 Gate Expand, Phoenix Opening, Chargelot Immortal, Dark Templar Rush 

Get SALT Encoding   

  12  0:00  Probe  
  13  0:12  Probe  
  14  0:19  Pylon  
  14  0:25  Probe (Chrono Boost)  
  14  0:28  Assimilator  
  15  0:38  Probe (Chrono Boost)  
  16  0:44  Gateway  
  16  0:46  Probe (Chrono Boost)  
  17  0:53  Probe  
  18  1:05  Probe  
  19  1:17  Probe  
  20  1:27  Nexus  
  20  1:36  Cybernetics Core  
  20  1:37  Probe  
  21  1:43  Assimilator  
  21  1:49  Probe  
  21  1:52  Pylon  
  22  1:59  Pylon  
  22  2:01  Probe  
  23  2:11  Adept (Chrono Boost)  
  23  2:13  Probe  
  26  2:21  Warp Gate  
  26  2:25  Probe  
  27  2:30  Robotics Facility  
  27  2:36  Sentry  
  29  2:39  Probe (Chrono Boost)  
  29  2:40  Probe (Chrono Boost)  
  33  2:51  Probe (Chrono Boost)  
  33  2:55  Probe (Chrono Boost)  
  33  2:57  Probe (Chrono Boost)  
  34  3:02  Probe  
  34  3:05  Twilight Council  
  35  3:06  Probe  
  35  3:09  Phoenix  
  36  3:14  Probe, Gateway  
  36  3:18  Probe  
  38  3:20  Immortal (Chrono Boost)  
  38  3:26  Probe  
  43  3:30  Probe  
  43  3:33  Pylon  
  44  3:39  Probe  
  45  3:43  Dark Shrine  
  45  3:51  Probe  
  45  3:55  Probe  
  47  4:00  Warp Prism (Chrono Boost)  
  49  4:04  Probe  
  50  4:12  Gateway x2  
  50  4:14  Assimilator  
  50  4:15  Pylon  
  50  4:16  Probe  
  51  4:17  Assimilator  
  51  4:20  Adept  
  53  4:24  Pylon  
  53  4:25  Probe, Pylon  
  54  4:32  Observer (Chrono Boost)  
  54  4:33  Probe  
  54  4:37  Probe  
  57  4:40  Forge  
  57  4:48  Stalker x2  
  59  5:07  Dark Templar x2  
  61  5:13  Charge  
  61  5:14  Immortal (Chrono Boost)  
  67  5:25  Pylon  
  67  5:32  Nexus  
  63  5:35  Gateway x2  
  63  5:37  Protoss Ground Weapons Level 1 (Chrono Boost), Gateway  
  63  5:49  Probe x2, Immortal (Chrono Boost)  
  65  5:56  Sentry x2  
  73  6:04  Probe x2  
  75  6:08  Pylon  
  75  6:18  Immortal (Chrono Boost)  
  75  6:19  Probe x2  
  81  6:32  Sentry  
  81  6:33  Sentry x2  
  87  6:46  Stalker x2  
  87  6:47  Stalker x2  
  95  7:04  Photon Cannon  
  95  7:06  Photon Cannon  
  95  7:07  Stalker x3  
  101  7:10  Zealot, Stalker x2  
  101  7:11  Zealot  
  104  7:35  Sentry x2  
  108  7:46  Pylon  
  108  7:48  Pylon  
  108  7:50  Pylon  
  106  7:53  Blink (Chrono Boost)  
  106  7:56  Zealot x2  
  108  8:01  Immortal (Chrono Boost)  
  108  8:02  Zealot x3  
  112  8:12  Sentry x2  
  112  8:17  Zealot x2  
  112  8:19  Probe x3  
  105  8:27  Zealot x3  
  109  8:39  Zealot x4  
  117  8:47  Immortal  
  113  8:49  Sentry x3  
  113  8:50  Probe  
  113  8:51  Probe x2, Photon Cannon  
  113  8:54  Assimilator  
  122  8:57  Assimilator  
  126  9:03  Probe  
  126  9:07  Zealot x3  
  133  9:23  Pylon  
  133  9:27  Pylon  
  133  9:34  Observer  
  134  9:46  Shield Battery  
  134  9:47  Stalker x7  
  148  9:55  Pylon  
  148  9:57  Pylon  
  148  9:58  Pylon  
  144  10:03  Immortal (Chrono Boost)  
  146  10:11  Stalker  
  148  10:14  Stalker x4  
  148  10:15  Stalker  
  158  10:28  Zealot  
  154  10:45  Zealot x3  
Show
View Real Time Build Order
Export as new Build Order

DRG Zerg 

Build Orders: Hatch First 

Get SALT Encoding   

  12  0:00  Drone  
  13  0:12  Overlord  
  13  0:17  Drone  
  14  0:30  Drone x2  
  16  0:49  Hatchery  
  15  0:51  Drone  
  15  0:55  Drone  
  17  0:58  Drone  
  18  1:13  Spawning Pool  
  18  1:15  Drone  
  18  1:19  Extractor  
  18  1:21  Drone  
  18  1:28  Drone  
  19  1:38  Drone  
  20  1:49  Drone  
  21  2:00  Queen x2  
  25  2:01  Zergling x4  
  27  2:11  Drone, Overlord  
  28  2:21  Metabolic Boost  
  28  2:30  Drone x2  
  30  2:38  Hatchery  
  30  2:43  Drone x3  
  32  2:45  Drone  
  33  2:54  Overlord  
  33  2:58  Queen  
  35  3:01  Drone  
  35  3:06  Overlord  
  35  3:13  Drone x3  
  35  3:14  Drone  
  35  3:19  Drone x2  
  41  3:27  Zergling x2  
  41  3:29  Drone  
  41  3:33  Queen  
  45  3:38  Overlord  
  45  3:42  Drone  
  45  3:47  Drone  
  45  3:48  Drone x2  
  49  3:51  Drone x2, Queen  
  49  3:53  Overlord  
  53  3:59  Drone  
  53  4:02  Drone  
  55  4:03  Lair  
  54  4:10  Zergling x2  
  54  4:11  Zergling x4  
  54  4:13  Drone x2  
  54  4:15  Extractor  
  54  4:16  Extractor, Roach Warren  
  56  4:20  Drone x4  
  56  4:21  Drone  
  61  4:27  Drone x2  
  63  4:31  Drone  
  63  4:34  Drone  
  63  4:37  Overlord  
  65  4:41  Drone  
  65  4:43  Overlord  
  65  4:46  Overlord  
  65  4:55  Queen  
  65  4:56  Queen  
  65  4:57  Overlord  
  68  5:02  Spore Crawler, Overseer  
  68  5:04  Spore Crawler x2  
  68  5:05  Roach x6  
  68  5:06  Glial Reconstitution  
  77  5:10  Roach  
  79  5:15  Extractor  
  79  5:16  Roach x2  
  78  5:29  Drone x5  
  78  5:30  Drone x3  
  78  5:35  Drone x3  
  88  5:41  Spire, Drone x2  
  89  5:43  Drone x2  
  89  5:45  Overseer  
  91  5:50  Extractor  
  91  5:51  Extractor, Drone  
  91  5:52  Drone  
  91  5:55  Evolution Chamber  
  90  5:59  Overlord  
  90  6:03  Drone x2  
  92  6:04  Drone  
  92  6:05  Drone x4  
  92  6:07  Overlord  
  92  6:10  Overlord  
  97  6:16  Overlord x2  
  97  6:19  Drone  
  97  6:22  Overlord  
  97  6:25  Overlord  
  98  6:30  Zerg Melee Weapons Level 1  
  98  6:34  Drone x2  
  98  6:35  Zergling x10  
  98  6:36  Drone  
  98  6:37  Drone  
  99  6:48  Zergling x6  
  99  6:49  Overlord  
  97  7:04  Hatchery, Roach  
  97  7:05  Roach x9  
  116  7:08  Roach  
  116  7:09  Roach  
  116  7:11  Ravager x3  
  116  7:14  Roach x5  
  134  7:20  Roach  
  124  7:31  Roach x8  
  124  7:32  Ravager x2  
  124  7:34  Zergling x2  
  124  7:35  Zergling x2  
  138  7:38  Zergling x2  
  138  7:42  Ravager x3  
  138  7:43  Roach  
  138  7:44  Roach  
  128  7:52  Zergling x8  
  128  7:57  Roach  
  120  7:59  Roach  
  120  8:00  Roach x6  
  120  8:02  Ravager x2  
  120  8:03  Roach  
  125  8:08  Roach  
  125  8:12  Roach  
  117  8:19  Hatchery  
  108  8:21  Roach x2  
  94  8:27  Ravager  
  94  8:28  Ravager x2  
  94  8:32  Roach x2  
  101  8:37  Roach x3  
  101  8:40  Roach  
  96  8:50  Ravager x3, Hatchery, Roach  
  96  8:54  Roach  
  102  8:59  Roach  
  104  9:06  Roach  
  104  9:12  Roach x5  
  114  9:21  Roach  
  114  9:22  Roach x2  
  120  9:27  Zergling x2  
  120  9:28  Ravager  
  122  9:34  Ravager  
  122  9:36  Roach  
  122  9:38  Overlord x2  
  125  9:41  Roach x2  
  125  9:43  Overlord  
  129  9:47  Overlord  
  129  9:50  Roach x2  
  132  10:02  Zergling x2  
  132  10:03  Zergling x6  
  132  10:05  Ravager  
  132  10:06  Roach x2  
  135  10:11  Roach x2  
  135  10:14  Ravager x2  
  141  10:23  Roach x4  
  146  10:31  Roach Warren  
  146  10:33  Zergling x6  
Tags
 
Add a new tag
Caveats
  • Supply blocks, unpowered buildings, or Contaminate may cause inaccurate times.
  • Supply counts are checked every 10 seconds.